Map: Dusk Towers

Players

MCanning - Winner!

  • Race: Protoss Protoss
  • League: Grandmaster

Zero

  • Race: Terran Terran
  • League: Master

VOD

http://www.twitch.tv/mcanning/v/33124982

Description

Time

  • Played on: Jan. 2, 2016, 2:01 a.m.
  • Length: 14:10
Show
View Real Time Build Order
Export as new Build Order

MCanning Protoss - Winner!

Build Orders: 1 Gate Expand 

Get SALT Encoding   

  12  0:01  Probe (Chrono Boost)  
  13  0:12  Probe (Chrono Boost)  
  14  0:19  Pylon  
  14  0:22  Probe (Chrono Boost)  
  15  0:38  Probe (Chrono Boost)  
  15  0:40  Gateway  
  16  0:48  Probe (Chrono Boost)  
  17  0:53  Assimilator  
  17  0:59  Probe (Chrono Boost)  
  18  1:09  Probe (Chrono Boost)  
  19  1:20  Nexus  
  19  1:27  Probe (Chrono Boost)  
  20  1:37  Probe (Chrono Boost)  
  20  1:39  Assimilator  
  21  1:47  Cybernetics Core  
  21  1:48  Probe (Chrono Boost)  
  21  1:53  Pylon  
  22  1:58  Probe (Chrono Boost)  
  23  2:12  Probe (Chrono Boost)  
  23  2:14  Gateway  
  23  2:24  Mothership Core (Chrono Boost)  
  23  2:27  Adept (Chrono Boost)  
  23  2:29  Warp Gate  
  27  2:32  Probe (Chrono Boost)  
  28  2:42  Probe  
  29  2:48  Pylon  
  29  2:56  Probe  
  29  2:58  Probe  
  31  3:04  Adept (Chrono Boost)  
  33  3:08  Probe (Chrono Boost)  
  33  3:10  Probe (Chrono Boost)  
  35  3:14  Adept  
  35  3:19  Probe (Chrono Boost)  
  38  3:21  Probe (Chrono Boost)  
  38  3:26  Pylon  
  39  3:30  Probe (Chrono Boost)  
  39  3:32  Probe (Chrono Boost)  
  41  3:40  Probe (Chrono Boost)  
  42  3:48  Probe (Chrono Boost)  
  42  3:51  Probe (Chrono Boost)  
  43  3:59  Probe (Chrono Boost)  
  43  4:00  Twilight Council  
  43  4:02  Probe (Chrono Boost)  
  45  4:09  Nexus  
  46  4:10  Probe (Chrono Boost)  
  46  4:11  Pylon  
  46  4:16  Probe (Chrono Boost)  
  47  4:20  Probe (Chrono Boost)  
  48  4:26  Robotics Facility  
  48  4:30  Probe (Chrono Boost)  
  48  4:31  Probe (Chrono Boost)  
  50  4:32  Assimilator  
  50  4:36  Assimilator  
  50  4:38  Blink (Chrono Boost)  
  50  4:39  Probe (Chrono Boost)  
  50  4:42  Sentry  
  50  4:44  Stalker  
  55  4:46  Probe  
  55  4:49  Probe  
  57  4:58  Probe  
  58  5:00  Probe  
  59  5:10  Sentry, Gateway, Probe  
  59  5:12  Probe, Pylon, Gateway  
  59  5:13  Observer (Chrono Boost)  
  64  5:15  Gateway  
  64  5:16  Gateway  
  64  5:22  Probe x2 (Chrono Boost)  
  64  5:24  Probe (Chrono Boost)  
  67  5:29  Observer  
  67  5:30  Stalker  
  67  5:34  Probe (Chrono Boost)  
  67  5:35  Probe (Chrono Boost)  
  72  5:42  Robotics Bay  
  72  5:43  Probe (Chrono Boost)  
  72  5:44  Probe (Chrono Boost)  
  72  5:45  Pylon  
  72  5:48  Probe (Chrono Boost)  
  75  5:54  Stalker x2, Probe (Chrono Boost)  
  75  5:55  Probe (Chrono Boost)  
  81  5:58  Probe (Chrono Boost)  
  81  6:03  Observer (Chrono Boost)  
  83  6:04  Probe (Chrono Boost)  
  74  6:15  Stalker x2  
  78  6:20  Stalker x3  
  78  6:23  Stalker  
  84  6:30  Probe x2 (Chrono Boost)  
  84  6:31  Probe (Chrono Boost)  
  86  6:40  Probe, Observer (Chrono Boost)  
  86  6:41  Probe  
  86  6:43  Stalker  
  86  6:44  Pylon  
  90  6:53  Probe (Chrono Boost)  
  91  6:56  Probe (Chrono Boost)  
  91  6:58  Disruptor (Chrono Boost)  
  91  6:59  Probe (Chrono Boost)  
  96  7:05  Probe (Chrono Boost), Adept  
  96  7:06  Adept x2  
  103  7:16  Adept x3  
  103  7:20  Pylon  
  109  7:23  Pylon  
  109  7:24  Pylon  
  109  7:32  Pylon  
  109  7:38  Probe  
  109  7:39  Disruptor (Chrono Boost)  
  109  7:40  Probe  
  109  7:41  Pylon  
  114  7:45  Stalker  
  114  7:46  Stalker  
  114  7:47  Forge  
  118  7:54  Probe  
  119  7:58  Pylon  
  119  8:00  Pylon  
  119  8:09  Forge, Disruptor (Chrono Boost)  
  122  8:14  Probe  
  122  8:15  Probe  
  122  8:17  Probe, Pylon  
  122  8:18  Assimilator  
  122  8:19  Protoss Ground Weapons Level 1 (Chrono Boost)  
  125  8:22  Photon Cannon, Assimilator  
  125  8:26  Probe, Photon Cannon  
  126  8:28  Photon Cannon  
  126  8:29  Photon Cannon  
  126  8:32  Adept x2  
  126  8:33  Adept x2  
  134  8:36  Resonating Glaives  
  134  8:39  Pylon  
  134  8:42  Disruptor (Chrono Boost)  
  137  8:49  Protoss Ground Armor Level 1 (Chrono Boost)  
  137  8:50  Probe  
  137  8:52  Pylon  
  137  8:54  Stalker  
  137  8:55  Stalker x2  
  144  9:14  Probe  
  144  9:16  Probe  
  146  9:17  Stalker  
  146  9:18  Stalker x4  
  146  9:19  Stalker  
  158  9:30  Probe  
  147  9:40  Nexus  
  147  9:42  Pylon  
  147  9:43  Pylon  
  147  9:44  Pylon  
  143  9:46  Disruptor (Chrono Boost)  
  143  9:52  Pylon  
  144  9:54  Adept x6, Pylon  
  144  9:56  Probe  
  144  9:58  Protoss Ground Weapons Level 2 (Chrono Boost)  
  157  10:17  Probe  
  157  10:19  Stalker  
  157  10:20  Stalker x5, Disruptor (Chrono Boost)  
  173  10:35  Photon Cannon  
  173  10:43  Adept x3  
  177  10:54  Disruptor  
  180  11:02  Adept  
  180  11:03  Adept x3  
  180  11:04  Adept x2  
  185  11:12  Photon Cannon  
  185  11:14  Photon Cannon  
  185  11:16  Protoss Ground Armor Level 2 (Chrono Boost)  
  185  11:20  Robotics Facility  
  185  11:21  Pylon  
  185  11:30  Disruptor  
  186  11:34  Stalker  
  186  11:35  Stalker x5  
  192  12:06  Disruptor  
  192  12:08  Assimilator  
  195  12:14  Assimilator  
  195  12:16  Adept x2  
  195  12:19  Pylon  
  195  12:21  Stargate  
  199  12:23  Stargate  
  199  12:28  Gateway  
  199  12:29  Gateway  
  199  12:32  Gateway  
  199  12:35  Gateway  
  199  12:50  Disruptor  
  180  13:10  Adept x4  
  180  13:11  Adept x2  
  168  13:26  Disruptor  
  150  13:35  Stalker x5  
  150  13:36  Stalker x2  
  160  13:45  Stalker x2  
Show
View Real Time Build Order
Export as new Build Order

Zero Terran 

Build Orders: MMM Bio 

Get SALT Encoding   

  12  0:01  SCV  
  13  0:13  SCV  
  14  0:17  Supply Depot  
  14  0:25  SCV  
  15  0:39  SCV  
  15  0:40  Barracks  
  16  0:47  Refinery  
  16  0:51  SCV  
  17  0:59  Barracks  
  17  1:03  SCV  
  18  1:15  SCV  
  19  1:29  Orbital Command  
  19  1:30  Reaper  
  20  1:34  Supply Depot  
  20  1:47  Reaper  
  21  1:55  SCV  
  22  2:07  SCV  
  23  2:12  Command Center  
  23  2:17  Reaper  
  23  2:19  SCV  
  25  2:23  Refinery  
  25  2:24  Reaper  
  26  2:31  SCV  
  26  2:35  Supply Depot  
  27  2:43  SCV  
  27  2:55  SCV  
  27  3:03  Factory  
  27  3:08  SCV  
  27  3:09  Marine x2  
  30  3:20  SCV  
  30  3:24  Orbital Command  
  30  3:26  Marine  
  30  3:27  Marine  
  32  3:32  SCV  
  34  3:38  Bunker  
  34  3:44  SCV, Marine x2  
  36  3:49  Widow Mine  
  36  3:51  Starport  
  36  3:54  SCV  
  39  3:56  SCV  
  39  4:02  Marine x2  
  41  4:06  SCV  
  41  4:08  SCV  
  44  4:13  Barracks  
  44  4:17  Widow Mine  
  44  4:19  SCV  
  44  4:20  SCV, Marine  
  49  4:28  Medivac  
  49  4:31  SCV, Supply Depot  
  52  4:32  Supply Depot, Barracks Tech Lab, SCV  
  53  4:40  Supply Depot  
  53  4:41  Barracks Reactor  
  53  4:43  SCV  
  54  4:50  Barracks x2  
  54  4:52  Stimpack  
  54  4:53  SCV, Marauder  
  54  4:55  SCV  
  58  5:05  Barracks Tech Lab  
  58  5:06  SCV, Medivac  
  61  5:07  SCV, Widow Mine  
  61  5:10  Engineering Bay  
  61  5:13  Supply Depot  
  64  5:17  Refinery x2  
  64  5:19  Marine  
  64  5:20  Marine  
  66  5:22  SCV  
  66  5:25  SCV  
  68  5:29  Combat Shields  
  68  5:34  Supply Depot, SCV, Marauder  
  71  5:37  SCV  
  72  5:44  Marine x2  
  72  5:46  Barracks Reactor, Barracks Tech Lab  
  72  5:48  Marine  
  75  5:52  Missile Turret  
  75  5:54  Marine  
  76  6:02  Marine x2  
  78  6:11  Marauder, Marine  
  81  6:12  Marine  
  81  6:22  Marine  
  81  6:24  SCV  
  83  6:29  Marauder, Marine  
  83  6:31  Marauder, Factory Reactor, Starport Reactor  
  77  6:34  Marauder, Marine  
  77  6:35  Marine  
  77  6:36  Terran Infantry Weapons Level 1  
  81  6:40  Marine  
  81  6:46  Marine  
  82  6:50  Marauder  
  82  6:51  Marine  
  82  6:52  Reaper  
  87  6:54  Supply Depot  
  87  6:55  Command Center  
  87  7:02  Marine  
  87  7:03  Marauder, Marine  
  91  7:10  Supply Depot, Marauder  
  91  7:14  Supply Depot  
  93  7:16  Marine, Medivac x2  
  93  7:20  Marine  
  93  7:21  Marine, Marauder  
  102  7:31  Marine x2  
  102  7:34  Marine, Marauder  
  107  7:44  Marine x2  
  107  7:45  Marauder  
  107  7:48  Supply Depot, Engineering Bay  
  107  7:49  Armory  
  107  7:50  Supply Depot, Medivac, Marauder  
  115  7:53  SCV x2  
  117  8:05  SCV  
  118  8:06  Medivac, Widow Mine x2  
  118  8:07  Orbital Command  
  118  8:09  SCV  
  118  8:10  Marine x2  
  127  8:16  Terran Infantry Armor Level 1  
  127  8:17  SCV  
  127  8:18  Supply Depot, Marine  
  127  8:19  Marauder  
  131  8:25  Marauder, Marine x2  
  135  8:34  Widow Mine x2  
  135  8:36  Terran Infantry Weapons Level 2  
  135  8:37  SCV  
  135  8:38  SCV x2  
  135  8:39  Marine  
  143  8:44  Marine  
  143  8:45  Marauder  
  143  8:46  Medivac  
  148  8:49  SCV  
  148  8:50  SCV x2  
  148  8:52  Marine  
  148  8:53  Marauder  
  148  8:55  Marauder, Marine  
  157  9:07  Marine  
  157  9:12  Widow Mine  
  157  9:16  Marauder  
  157  9:23  Marine  
  157  9:24  Marauder, Marine  
  157  9:28  Widow Mine  
  157  9:29  Marine, Marauder  
  156  9:37  Marauder  
  157  9:45  Marine x2  
  157  9:47  Marauder, Widow Mine, Marine  
  155  9:54  Supply Depot  
  155  9:55  Supply Depot  
  155  9:56  Medivac, Widow Mine  
  155  9:57  Medivac  
  155  9:58  Command Center, Marauder, Barracks x2, Marine  
  164  10:00  Barracks  
  164  10:09  Marine x2  
  164  10:10  Marauder x2  
  169  10:15  Widow Mine  
  169  10:19  Terran Infantry Armor Level 2  
  155  10:21  Marine  
  155  10:22  Marauder  
  155  10:25  Widow Mine  
  155  10:27  Marine  
  155  10:28  Medivac x2  
  163  10:31  Marauder  
  160  10:45  Widow Mine  
  160  10:47  Marauder, Marine x2  
  154  10:53  Widow Mine  
  154  10:56  Marauder, Marine x3  
  153  10:58  Medivac x2  
  153  11:05  Barracks Reactor, Barracks Tech Lab  
  153  11:11  Ghost Academy, Marauder  
  153  11:13  Widow Mine  
  157  11:22  Widow Mine  
  157  11:24  Planetary Fortress  
  159  11:28  Medivac x2  
  152  11:34  Marine x2  
  152  11:35  Marauder x3  
  155  11:50  Marine x3  
  155  11:51  Marauder, Marine  
  155  11:58  Marine x2, Medivac  
  155  11:59  Marauder  
  155  12:00  Marine  
  156  12:03  Widow Mine  
  156  12:05  Marine  
  158  12:16  Missile Turret  
  158  12:17  Ghost  
  158  12:18  Personal Cloaking  
  158  12:20  Barracks Reactor  
  158  12:21  Marine  
  158  12:22  Marine  
  161  12:30  Marine  
  161  12:31  Marauder, Marine  
  156  12:38  Widow Mine x2  
  151  12:45  Marine x3  
  151  12:46  Marauder  
  151  12:49  Marauder, Marine  
  151  12:50  Marauder, Marine  
  141  12:59  Marauder, Marine x3  
  133  13:07  Marauder, Marine  
  133  13:10  Marine  
  115  13:16  Marine  
  107  13:24  Marauder, Marine  
  97  13:28  Marine  
  90  13:35  Marauder  
  90  13:41  Marine x2  
  80  13:49  Marauder  
Tags
 
Add a new tag
Caveats
  • Supply blocks, unpowered buildings, or Contaminate may cause inaccurate times.
  • Supply counts are checked every 10 seconds.